 Dungeon Crawl Stone Soup version 0.32-a0-841-g4648e6c457 (webtiles) character file.

Game seed: 14959532994699627874

32167 MackTheKnife the Spear-Bearer (level 13, -5/103 HPs)
             Began as a Mummy Wanderer on Mar 26, 2024.
             Was the Champion of Okawaru.
             Slain by an eight-headed hydra (6 damage)
             ... on level 4 of the Lair of Beasts.
             The game lasted 00:26:20 (16790 turns).

MackTheKnife the Spear-Bearer (Mummy Wanderer)     Turns: 16790, Time: 00:26:21

Health: -5/103     AC: 13    Str: 18    XL:     13   Next: 29%
Magic:  0/16       EV: 13    Int: 14    God:    Okawaru [******]
Gold:   763        SH:  6    Dex: 26    Spells: 14/14 levels left

rFire   x . .        a - +12 demon trident of Friendship {vamp, *Noise rElec rN+ Will+, polearm}
rCold   + + .        w - +0 buckler
rNeg    + + +        q - +2 ring mail {rC+}
rPois   ∞            E - +2 helmet of Pan-Flutes {+Inv Regen+}
rElec   +            s - +1 cloak {Stlth+}
rCorr   .            (no gloves)
SInv    .            F - +0 pair of boots
Will    ++...        t - amulet of guardian spirit
Stlth   +++          d - ring of the Tempest {rElec rN+ Str+6 Int+3}
HPRegen 1.17/turn    G - +6 ring of dexterity
MPRegen 0.15/turn

%: guardian spirit, faith
@: no status effects
A: cold resistance 1, negative energy resistance 3, torment resistance 2, heat
vulnerability 1, in touch with death 2, no potions, faith
a: Renounce Religion, Evoke Invisibility, Heroism, Finesse, Duel


You were on level 4 of the Lair of Beasts.
You worshipped Okawaru.
Okawaru was exalted by your worship.
You visited 2 branches of the dungeon, and saw 15 of its levels.
You also visited: Gauntlet.

You collected 1102 gold pieces.
You spent 339 gold pieces at shops.


Innate Abilities, Weirdness & Mutations

You are immune to poison.
Your flesh is cold resistant. (rC+)
You are immune to negative energy. (rN+++)
You are immune to unholy pain and torment.
You are vulnerable to heat. (rF-)
You are strongly in touch with the powers of death.
You do not drink.
You have a special connection with the divine. (Faith)


   Skills:
 - Level 10.0 Fighting
 - Level 9.3 Long Blades
 + Level 13.2 Polearms
 - Level 1.0 Armour
 - Level 5.0 Dodging
 - Level 1.0 Stealth
 - Level 4.0 Shields
 - Level 1.0 Unarmed Combat
 - Level 1.3 Spellcasting
 - Level 4.0 Invocations


You had 14 spell levels left.
You didn't know any spells.
Your spell library contained the following spells:

 Spells                   Type           Power      Damage    Failure   Level
 Magic Dart               Conj           0%         1d3       50%         1
 Searing Ray              Conj           0%         2d4       65%         2
 Fugue of the Fallen      Necr           2%         N/A       86%         3
 Ozocubu's Armour         Ice            0%         N/A       86%         3
 Cause Fear               Hex            0%         N/A       99%         4
 Fulminant Prism          Conj/Alch      0%         3d5       99%         4
 Manifold Assault         Tloc           0%         N/A       99%         4
 Fireball                 Conj/Fire      0%         3d3       100%        5
 Summon Small Mammal      Summ           Unusable   N/A       N/A         1
 Call Canine Familiar     Summ           Unusable   N/A       N/A         3
 Summon Blazeheart Golem  Fire/Summ      Unusable   N/A       N/A         4
 Dragon's Call            Summ           Unusable   N/A       N/A         9

Inventory:

Hand Weapons
 a - the +12 demon trident of Friendship (weapon) {vamp, *Noise rElec rN+ Will+, polearm}
   (Okawaru gifted it to you on level 10 of the Dungeon)

   rElec:     It insulates you from electricity.
   rN+:       It protects you from negative energy.
   Will+:     It increases your willpower.
   *Noise:    It may make a loud noise when swung.
Missiles
 g - 25 poisoned darts {throwing}
 o - 10 boomerangs {throwing}
 z - a curare-tipped dart (quivered) {=fthrowing}
 B - 15 atropa-tipped darts {throwing}
Armour
 q - a +2 ring mail of cold resistance (worn)
   (You found it on level 6 of the Dungeon)
 s - a +1 cloak of stealth (worn)
   (You found it in a Gauntlet)
 w - a +0 buckler (worn)
   (You found it on level 6 of the Dungeon)
 E - the +2 helmet of Pan-Flutes (worn) {+Inv Regen+}
   (Okawaru gifted it to you on level 10 of the Dungeon)

   +Inv:      It lets you turn invisible.
   Regen+:    It increases your rate of health regeneration.
 F - a +0 pair of boots (worn)
   (You found it on level 3 of the Lair of Beasts)
Jewellery
 d - the ring of the Tempest (left hand) {rElec rN+ Str+6 Int+3}
   (You found it on level 2 of the Dungeon)

   [ring of strength]

   Str+6:     It affects your strength (+6).
   Int+3:     It affects your intelligence (+3).
   rElec:     It insulates you from electricity.
   rN+:       It protects you from negative energy.
 f - an amulet of the acrobat
   (You found it on level 5 of the Dungeon)
 p - the ring "Emporidy" {Fly rCorr Dex-2 SInv}
   (You found it in a Gauntlet)

   [ring of see invisible]

   Dex-2:     It affects your dexterity (-2).
   SInv:      It lets you see invisible.
   Fly:       It grants you flight.
   rCorr:     It protects you from acid and corrosion.
 t - an amulet of guardian spirit (around neck)
   (You found it on level 6 of the Dungeon)
 x - a ring of flight
   (You found it on level 7 of the Dungeon)
 G - a +6 ring of dexterity (right hand)
   (You found it on level 3 of the Lair of Beasts)
Wands
 e - a wand of polymorph (6)
   (You found it on level 2 of the Lair of Beasts)
 j - a wand of flame (6)
   (You took it off Sigmund on level 2 of the Dungeon)
 u - a wand of acid (10)
   (You found it in a Gauntlet)
Scrolls
 b - 7 scrolls of fog
 c - a scroll of blinking {!r}
 h - 5 scrolls of poison
 i - a scroll of butterflies
 k - a scroll of enchant weapon
 l - a scroll of torment
 m - 8 scrolls of vulnerability {!r!r}
 r - 3 scrolls of teleportation {@r4}
 v - 2 scrolls of immolation {!r!r}
 y - 2 scrolls of identify {@r1}
 C - 2 scrolls of silence {!r}
Potions
 A - 2 potions of mutation
Miscellaneous
 n - a lightning rod (4/4)
   (You found it in a Gauntlet)

Dungeon Overview and Level Annotations

Branches:
Dungeon (10/15) Zot: 24927  Temple (0/1) D:6            Lair (5/5) D:9 Zot: 26152
  Swamp (0/4) Lair:3       Spider (0/4) Lair:3          Orc (0/2) D:9
Gauntlet (visited)
  Slime: Lair:4-5

Altars:
Cheibriados
Dithmenos
Fedhas
Gozag
Hepliaklqana
Kikubaaqudgha
Makhleb
Nemelex Xobeh
Okawaru
Qazlal
Sif Muna
Uskayaw
Yredelemnul

Shops:
D:1 [   D:2 ?(   D:6 *

Annotations:
D:3 Natasha
D:4 2 transporters, Konar's ghost, amateur CoHu
D:10 1 runed translucent door
Lair:2 exclusion: oklob plant
Lair:4 exclusion: oklob plant

.....##............###
#####
...#####.............#
.#.# #.P.P........## ####
###...........#
#.######.#P.........##
......#.#####.......P#
........## #.......# #..
.........####..#.D..# #..
...........##...@...##
##..
...............##.#..##
#>..
..............#####...##
#...
.......<.......#####...##
#...
.................####...##
#. ..................#
###..#### ##
..................#
##....####.
..................#
#P...#.###
#.................#
##......##


You could see an eight-headed hydra.


Message History

😮 HP[-26] MP[-2]
You take 26 damage, and now have 77/103 hp.
MASSIVE DAMAGE!! (PAUSE)
You lost 2 mp, and now have 14/16 mp.
Unknown command.
You are engulfed in calcifying dust.
You are slowing down.
The eight-headed hydra bites you!
The eight-headed hydra completely misses you.
The eight-headed hydra bites you. The eight-headed hydra bites you! x2
The eight-headed hydra bites you but does no damage.
The eight-headed hydra completely misses you.
The eight-headed hydra bites you but does no damage.
You climb upwards.
Level annotation: exclusion: oklob plant You have turned to stone.
The eight-headed hydra bites you.
The eight-headed hydra completely misses you.
The eight-headed hydra bites you. x3
The eight-headed hydra barely misses you.
The eight-headed hydra bites you but does no damage. x2
The eight-headed hydra bites you but does no damage. x3
The eight-headed hydra bites you. x2; The eight-headed hydra bites you! x2
The eight-headed hydra bites you but does no damage.
The eight-headed hydra bites you!
The eight-headed hydra bites you but does no damage.
The eight-headed hydra bites you!
* * * LOW HITPOINT WARNING * * *
The eight-headed hydra bites you.
* * * LOW HITPOINT WARNING * * *
The eight-headed hydra bites you but does no damage. x4
The eight-headed hydra barely misses you.
The eight-headed hydra bites you!
* * * LOW HITPOINT WARNING * * *
The eight-headed hydra bites you!
* * * LOW HITPOINT WARNING * * *
The eight-headed hydra bites you.
* * * LOW HITPOINT WARNING * * *
The eight-headed hydra barely misses you.
The eight-headed hydra bites you.
The eight-headed hydra bites you but does no damage.
The eight-headed hydra bites you.
* * * LOW HITPOINT WARNING * * *
The eight-headed hydra bites you.
* * * LOW HITPOINT WARNING * * *
The eight-headed hydra completely misses you.
The eight-headed hydra bites you.
The eight-headed hydra bites you but does no damage. x5
The eight-headed hydra bites you.
* * * LOW HITPOINT WARNING * * *
The eight-headed hydra bites you.
The eight-headed hydra bites you but does no damage. x3
The eight-headed hydra bites you.
* * * LOW HITPOINT WARNING * * *
The eight-headed hydra bites you!
* * * LOW HITPOINT WARNING * * *
The eight-headed hydra bites you. The eight-headed hydra bites you!
* * * LOW HITPOINT WARNING * * *
The eight-headed hydra bites you. x2
* * * LOW HITPOINT WARNING * * *
The eight-headed hydra bites you but does no damage.
The eight-headed hydra bites you!
* * * LOW HITPOINT WARNING * * *
The eight-headed hydra bites you but does no damage. x3
The eight-headed hydra bites you!
* * * LOW HITPOINT WARNING * * *
The eight-headed hydra bites you but does no damage. x3
The eight-headed hydra bites you.
The eight-headed hydra bites you but does no damage. x2
The eight-headed hydra bites you.
You turn to flesh and can move again.
There is a stone staircase leading down here.
Unknown command.
Unknown command.
Unknown command. 😱 HP[-55] MP[-11]
You take 55 damage, and now have 22/103 hp.
MASSIVE DAMAGE!! (PAUSE)
You lost 11 mp, and now have 3/16 mp.
Unknown command.
Unknown command.
Okay, then.
Unknown command.
Blink to where?
Press: ? - help, Dir - move target
Okay, then.
Unknown command.
As you read the scroll of fear, it crumbles to dust.
You assume a fearsome visage.
The eight-headed hydra resists with almost no effort.
The eight-headed hydra bites you but does no damage.
The eight-headed hydra bites you!
* * * LOW HITPOINT WARNING * * *
The eight-headed hydra bites you.
* * * LOW HITPOINT WARNING * * *
The eight-headed hydra bites you!
* * * LOW HITPOINT WARNING * * *
The eight-headed hydra bites you.
You die...

Skill      XL: |  1  2  3  4  5  6  7  8  9 10 11 12 13 |
---------------+----------------------------------------+-----
Fighting       | 4 5 6 7 9 10 | 10.0
Long Blades    | 1 3 6 8 9 |  9.3
Dodging        | 4 5 |  5.0
Shields        | 1 4 |  4.0
Invocations    | 3 4 |  4.0
Polearms       | 2 8 12 13 | 13.2
Armour         | |  1.0
Stealth        | |  1.0
Unarmed Combat | |  1.0
Spellcasting   | |  1.3

Action                     |  1- 3 |  4- 6 |  7- 9 | 10-12 | 13-15 || total
---------------------------+-------+-------+-------+-------+-------++-------
  Melee: Spear             |   113 |    83 |       |       |       ||   196
         Long sword        |       |    52 |   495 |   194 |       ||   741
         Demon trident     |       |       |       |   505 |   123 ||   628
  Throw: Dart              |     4 |    30 |     5 |    16 |       ||    55
 Invoke: Heroism           |       |       |       |     7 |     1 ||     8
         Receive Weapon    |       |       |       |     1 |       ||     1
         Receive Armour    |       |       |       |     1 |       ||     1
         Finesse           |       |       |       |     1 |     1 ||     2
  Evoke: Wand              |       |       |    22 |     4 |       ||    26
    Use: Scroll            |     3 |       |    11 |     5 |     1 ||    20
   Stab: Sleeping          |     2 |     3 |     4 |     1 |       ||    10
         Distracted        |       |     1 |     1 |     2 |       ||     4
 Armour: Leather armour    |    60 |    88 |   214 |       |       ||   362
         Ring mail         |       |       |   247 |   451 |   168 ||   866
  Dodge: Dodged            |    71 |    71 |   517 |   386 |    70 ||  1115
  Block: Buckler           |       |       |    91 |   225 |    39 ||   355

Levels and vault maps discovered:
D:1:      grunt_arrival_crossed_arrows, layout_loops_ring, serial_shops,
          nicolae_shop_waterfront, minmay_close_crescents
D:2:      layout_loops_ring, serial_shops, shop, shop, amethyst_killhole,
          uniq_sigmund
D:3:      layout_rooms, mainiacjoe_overflow_big_doors, uniq_natasha
D:4:      layout_loops_ring, nicolae_tso_besieged_by_evil,
          kiku_gazebo_pond_becter, gammafunk_ghost_smash, grunt_ministairs_5,
          uniq_blork_the_orc
D:5:      layout_basic, kennysheep_mini_moat, lemuel_doored_altar,
          overflow_temple_1_default, nicolae_wormholes
D:6:      layout_loops_cross, fedhas_altar_4, zin_purify,
          minmay_temple_entry_enclosed_plants, minmay_fire_ice_demons
D:7:      layout_cave_pools, mainiacjoe_overflow_concentric_impassable
D:8:      layout_cave_pods, mainiacjoe_overflow_24_doors
D:9:      kennysheep_big_flooded_room, layout_layer_cave,
          eat_drink_and_be_merry_uskayaw, mainiacjoe_overflow_catwalk,
          mainiacjoe_overflow_boulevard, david_lair_generic, orc_0_dummy
D:10:     cheibrodos_histonic, layout_basic, mainiacjoe_overflow_brackets,
          eino_house_with_fridge, uniq_nergalle
Lair:1:   layout_misc_corridors
Lair:2:   minmay_lair_oklob_chamber, layout_gridlike, gauntlet_entry_generic,
          infiniplex_staircase_pool_2
Lair:3:   layout_chaotic_city, skrybe_swamp_entry_bodies,
          hellmonk_spider_entry_not_the_bees, infiniplex_staircase_pool,
          grunt_megastairs_1
Lair:4:   layout_cave_pods
Lair:5:   hangedman_lair_caniforms_friends, layout_hall_layers,
          hangedman_lair_tendril_chambers, dpeg_slime_entry_enclosed

Notes
Turn   | Place    | Note
-------+----------+-------------------------------------------
     0 | D:1      | MackTheKnife the Mummy Wanderer began the quest for the
                  | Orb.
     0 | D:1      | MackTheKnife set off with the following items: a +3 spear
                  | {polearm}, 2 scrolls of fog, a +0 leather armour.
     0 | D:1      | Reached XP level 1. HP: 18/18 MP: 2/2
     0 | D:1      | magus.rc [v1.9.6]
   128 | D:1      | Found Tiptuos's Armour Boutique.
   360 | D:1      | Reached XP level 2. HP: 24/24 MP: 4/4
   772 | D:2      | Reached skill level 4 in Fighting
   895 | D:2      | Reached XP level 3. HP: 31/31 MP: 5/5
  1019 | D:2      | Found Ebruurchy's Antique Weapon Boutique.
  1100 | D:2      | Noticed Sigmund
  1241 | D:2      | HP: 5/31 [gnoll/+0 flail (8)]
  1472 | D:2      | Reached XP level 4. HP: 38/38 MP: 6/6
  1485 | D:2      | Identified the ring of the Tempest {rElec rN+ Str+6 Int+3}
  1515 | D:2      | You pick up a book of Conjurations {@e2} and begin
                  | reading...
  1515 | D:2      | You add the spells Magic Dart, Searing Ray and Fulminant
                  | Prism to your library.
  1530 | D:2      | Found Yreudyu's Magic Scroll Boutique.
  1749 | D:2      | Reached skill level 5 in Fighting
  1850 | D:3      | Noticed Natasha
  1966 | D:3      | You pick up a book of Battle and begin reading...
  1966 | D:3      | You add the spells Fugue of the Fallen, Ozocubu's Armour
                  | and Manifold Assault to your library.
  2014 | D:3      | Reached skill level 1 in Long Blades
  2168 | D:3      | Reached XP level 5. HP: 42/44 MP: 7/7
  2244 | D:3      | Reached skill level 2 in Long Blades
  2274 | D:3      | Found an iron altar of Okawaru.
  2279 | D:3      | Found a snail-covered altar of Cheibriados.
  2279 | D:3      | Noticed an ogre
  2514 | D:2      | Killed Sigmund
  2515 | D:2      | Reached skill level 3 in Long Blades
  2515 | D:2      | Reached XP level 6. HP: 46/51 MP: 8/8
  2626 | D:2      | HP: 5/51 [gnoll/+0 flail (9)]
  2799 | D:2      | Bought a glowing long sword for 136 gold pieces
  2954 | D:3      | HP: 11/51 [ogre/+0 giant club (2)]
  3198 | D:4      | Found an ancient bone altar of Kikubaaqudgha.
  3208 | D:4      | Reached skill level 6 in Fighting
  3308 | D:3      | Became a worshipper of Warmaster Okawaru
  3465 | D:4      | Noticed Blork the orc
  3473 | D:4      | Killed Blork the orc
  3474 | D:4      | Reached XP level 7. HP: 45/59 MP: 9/9
  3803 | D:4      | Reached skill level 7 in Fighting
  4149 | D:4      | Found a transporter.
  4153 | D:4      | Noticed Konar's ghost (amateur CoHu)
  4153 | D:4      | Identified the +6 great mace "Embalmer" {holy, rF+++}
  4169 | D:4      | Reached * piety under Okawaru
  4170 | D:4      | Reached skill level 2 in Dodging
  4214 | D:4      | Found a transporter.
  4300 | D:5      | Entered Level 5 of the Dungeon
  4727 | D:5      | HP: 11/60 [gnoll/+0 flail (6)]
  4743 | D:5      | HP: 14/60 [gnoll/+0 flail (2)]
  4957 | D:4      | Reached skill level 3 in Dodging
  5061 | D:5      | Found an opulent altar of Gozag.
  5171 | D:5      | Found a basalt altar of Yredelemnul.
  5233 | D:5      | Reached skill level 4 in Dodging
  5233 | D:5      | Reached XP level 8. HP: 64/67 MP: 10/10
  5448 | D:5      | Reached ** piety under Okawaru
  5508 | D:5      | Found a stormy altar of Qazlal.
  5850 | D:6      | Found Zin's Purification Station.
  5911 | D:6      | Reached skill level 5 in Dodging
  5911 | D:6      | Reached skill level 4 in Long Blades
  6123 | D:2      | Bought a scroll of teleportation for 42 gold pieces
  6123 | D:2      | Bought a scroll of blinking for 105 gold pieces
  6123 | D:2      | Bought a scroll of fear for 56 gold pieces
  6307 | D:6      | Reached skill level 5 in Long Blades
  6442 | D:6      | Reached *** piety under Okawaru
  6765 | D:6      | Found a staircase to the Ecumenical Temple.
  6781 | D:6      | Reached skill level 1 in Shields
  6789 | D:6      | Reached skill level 6 in Long Blades
  6974 | D:6      | Found a blossoming altar of Fedhas.
  7072 | D:7      | Reached XP level 9. HP: 72/72 MP: 11/11
  7146 | D:7      | Reached skill level 2 in Shields
  7151 | D:7      | HP: 10/72 [steam dragon] (14)]
  7156 | D:7      | HP: 5/72 [steam dragon (1)]
  7160 | D:7      | Reached **** piety under Okawaru
  7425 | D:7      | Found a shimmering blue altar of Sif Muna.
  7809 | D:7      | Reached skill level 3 in Shields
  8133 | D:8      | Reached skill level 7 in Long Blades
  8519 | D:8      | Found a shadowy altar of Dithmenos.
  8624 | D:8      | You pick up a book of Conjurations {@e2} and begin
                  | reading...
  8764 | D:9      | Found a staircase to the Lair.
  8764 | D:9      | Noticed an elephant
  8798 | D:8      | Killed an elephant
  8799 | D:8      | Reached skill level 4 in Shields
  8987 | D:9      | Found a hide-covered altar of Uskayaw.
  9168 | D:9      | Reached skill level 8 in Long Blades
  9168 | D:9      | Reached skill level 1 in Invocations
  9281 | D:9      | Noticed a troll
  9294 | D:9      | Killed a troll
  9294 | D:9      | Reached ***** piety under Okawaru
  9295 | D:9      | Reached skill level 2 in Invocations
  9360 | D:9      | Reached skill level 3 in Invocations
  9462 | D:9      | Reached XP level 10. HP: 75/79 MP: 12/12
  9495 | D:9      | Noticed a two-headed ogre
  9507 | D:9      | Killed a two-headed ogre
  9508 | D:9      | Reached skill level 4 in Invocations
  9672 | D:9      | Found a burning altar of Makhleb.
  9789 | D:9      | Found a hazy altar of Hepliaklqana.
  9889 | D:9      | Found a staircase to the Orcish Mines.
 10125 | D:9      | Noticed a rust devil
 10139 | D:9      | Noticed a sun demon
 10225 | D:10     | Entered Level 10 of the Dungeon
 10299 | D:10     | Found a runed translucent door.
 10299 | D:10     | Noticed Nergalle
 10334 | D:10     | HP: 20/80 [Nergalle/+0 dagger (3)]
 10344 | D:10     | Killed Nergalle
 10345 | D:10     | Reached skill level 8 in Fighting
 10585 | D:10     | Found a sparkling altar of Nemelex Xobeh.
 10728 | D:10     | Reached skill level 9 in Long Blades
 10771 | D:10     | Noticed a necromancer
 10791 | D:10     | Killed a necromancer
 11240 | D:10     | Found a runed translucent door.
 11253 | D:10     | Reached ****** piety under Okawaru
 11254 | D:10     | Reached skill level 9 in Fighting
 11254 | D:10     | Acquired the +12 demon trident of Friendship {vamp, *Noise
                  | rElec rN+ Will+}
 11254 | D:10     | Received a gift from Okawaru
 11256 | D:10     | Acquired the +2 helmet of Pan-Flutes {+Inv Regen+}
 11256 | D:10     | Received a gift from Okawaru
 11520 | D:10     | Received a gift from Okawaru
 11521 | D:10     | Reached skill level 2 in Polearms
 11557 | D:10     | Noticed a deep elf pyromancer
 11558 | D:10     | Noticed a boulder beetle
 11565 | D:10     | Killed a deep elf pyromancer
 11566 | D:10     | HP: 19/83 [burnt (18)]
 11567 | D:10     | HP: 9/83 [burnt (12)]
 11578 | D:10     | Reached XP level 11. HP: 26/89 MP: 1/14
 11767 | D:10     | Reached skill level 3 in Polearms
 11805 | D:10     | Noticed a two-headed ogre
 11817 | D:10     | Killed a two-headed ogre
 11822 | D:10     | Reached skill level 10 in Fighting
 11936 | D:10     | Killed a boulder beetle
 11936 | D:10     | Received a gift from Okawaru
 11937 | D:10     | Reached skill level 4 in Polearms
 11983 | D:10     | Reached skill level 5 in Polearms
 12037 | D:10     | Identified the staff "Bung" {^Contam rElec rC+ rN+ Will+
                  | Necro}
 12267 | Lair:1   | Entered Level 1 of the Lair of Beasts
 12328 | Lair:1   | Reached skill level 6 in Polearms
 12374 | Lair:1   | Reached skill level 7 in Polearms
 12487 | Lair:1   | Received a gift from Okawaru
 12609 | Lair:1   | You pick up a book of Callings and begin reading...
 12628 | Lair:1   | Reached skill level 8 in Polearms
 12648 | Lair:1   | Reached XP level 12. HP: 93/97 MP: 15/15
 13196 | Lair:2   | Found a gate leading to a gauntlet.
 13213 | Lair:2   | Reached skill level 9 in Polearms
 13237 | Gauntlet | Entered a Gauntlet
 13237 | Gauntlet | Found a transporter.
 13273 | Gauntlet | Found a transporter.
 13275 | Gauntlet | Found a transporter.
 13277 | Gauntlet | Found a transporter.
 13290 | Gauntlet | Found a transporter.
 13305 | Gauntlet | Found a transporter.
 13310 | Gauntlet | Found a transporter.
 13315 | Gauntlet | Noticed a hell hog
 13327 | Gauntlet | Found a transporter.
 13344 | Gauntlet | Found a transporter.
 13356 | Gauntlet | Found a transporter.
 13380 | Gauntlet | Found a transporter.
 13386 | Gauntlet | Found a transporter.
 13401 | Gauntlet | Found a large runed translucent door.
 13401 | Gauntlet | Noticed a quicksilver ooze
 13402 | Gauntlet | Found a large runed translucent door.
 13403 | Gauntlet | Found a large runed translucent door.
 13403 | Gauntlet | Found a large runed translucent door.
 13404 | Gauntlet | Found a runed translucent gate.
 13405 | Gauntlet | Found a transporter.
 13405 | Gauntlet | Found a runed translucent gate.
 13406 | Gauntlet | Found a runed translucent gate.
 13406 | Gauntlet | Found a large runed translucent door.
 13406 | Gauntlet | Found a large runed translucent door.
 13406 | Gauntlet | Found a runed translucent door.
 13406 | Gauntlet | Found a runed translucent door.
 13407 | Gauntlet | Found a large runed translucent door.
 13408 | Gauntlet | Found a large runed translucent door.
 13410 | Gauntlet | Found a transporter.
 13412 | Gauntlet | Found a transporter.
 13423 | Gauntlet | Found a large runed translucent door.
 13423 | Gauntlet | Found a large runed translucent door.
 13424 | Gauntlet | Found a large runed translucent door.
 13425 | Gauntlet | Found a large runed translucent door.
 13433 | Gauntlet | Found a transporter.
 13433 | Gauntlet | Noticed a great orb of eyes
 13450 | Gauntlet | Found a transporter.
 13463 | Gauntlet | Found a large runed translucent door.
 13464 | Gauntlet | Found a large runed translucent door.
 13465 | Gauntlet | Found a large runed translucent door.
 13465 | Gauntlet | Found a large runed translucent door.
 13469 | Gauntlet | Found a transporter.
 13522 | Gauntlet | Received a gift from Okawaru
 13631 | Gauntlet | Killed a quicksilver ooze
 13632 | Gauntlet | Reached skill level 10 in Polearms
 13635 | Gauntlet | Identified the ring "Emporidy" {Fly rCorr Dex-2 SInv}
 13670 | Gauntlet | Noticed a minotaur
 13687 | Gauntlet | Killed a minotaur
 13795 | Gauntlet | Identified the +3 falchion "Goblin's Foe" {elec, rC+ Dex+3
                  | Stlth+}
 13889 | Lair:2   | You pick up a book of the Dragon and begin reading...
 13889 | Lair:2   | You add the spells Cause Fear and Fireball to your library.
 14158 | Lair:2   | Reached skill level 11 in Polearms
 14239 | Lair:2   | You fall into a shaft and drop 2 floors!
 14587 | Lair:3   | Received a gift from Okawaru
 14611 | Lair:3   | Found a staircase to the Swamp.
 14627 | Lair:3   | Reached skill level 12 in Polearms
 14888 | Lair:3   | Received a gift from Okawaru
 14946 | Lair:3   | Gained mutation: You are strongly in touch with the powers
                  | of death. [Mummy growth]
 14946 | Lair:3   | Reached XP level 13. HP: 87/103 MP: 16/16
 15017 | Lair:3   | Found a hole to the Spider Nest.
 15991 | Lair:4   | Reached skill level 13 in Polearms
 16152 | Lair:4   | Received a gift from Okawaru
 16776 | Lair:5   | Entered Level 5 of the Lair of Beasts
 16788 | Lair:4   | HP: 24/103 [eight-headed hydra (5)]
 16790 | Lair:4   | HP: 8/103 [eight-headed hydra (5)]
 16790 | Lair:4   | HP: 1/103 [eight-headed hydra (7)]
 16790 | Lair:4   | Slain by an eight-headed hydra

Vanquished Creatures
  A quicksilver ooze (Gauntlet)
  A minotaur (Gauntlet)
  A catoblepas (Lair:4)
  A boulder beetle (D:10)
  2 two-headed ogres
  Nergalle (D:10)
  A skyshark (Lair:4)
  2 bog bodies (Lair:3)
  2 necromancers
  A deep elf pyromancer (D:10)
  A meliai (Lair:3)
  16 elephants
  2 black mambas
  6 cane toads
  6 komodo dragons
  A rime drake (Lair:4)
  An unseen horror (D:10)
  A queen bee (Gauntlet)
  4 trolls
  A polar bear (Lair:2)
  15 blink frogs
  2 hornets (D:10)
  Sigmund (D:2)
  2 shadows (D:10)
  11 yaks
  5 basilisks
  3 wraiths (D:10)
  A steam dragon (D:7)
  2 vampire mosquitoes
  An acid dragon (D:10)
  12 water moccasins
  A sky beast (D:8)
  3 black bears
  2 ice beasts
  3 orc warriors (D:10)
  8 wolves
  2 centaurs
  An ogre (D:3)
  2 phantoms
  Blork the orc (D:4)
  4 kobold brigands
  11 bullfrogs
  A scorpion (D:6)
  3 wights (D:9)
  19 killer bees
  3 howler monkeys
  3 electric eels (D:9)
  2 bombardier beetles
  2 crimson imps
  A gnoll bouda (D:7)
  4 hounds
  5 orc priests
  A sleepcap (D:6)
  4 jellies
  4 iguanas
  3 orc wizards
  4 polar bear simulacra (D:10)
  12 hell rats
  A wolf simulacrum (D:10)
  2 yak simulacra (D:10)
  20 gnolls
  2 river rats (D:10)
  8 adders
  A white imp (D:6)
  6 ufetubi
  4 dart slugs
  5 ribbon worms
  22 orcs
  5 bats
  3 endoplasms
  4 giant cockroaches
  8 goblins
  7 hobgoblins
  15 jackals
  14 kobolds
  3 quokkas
  6 ball pythons
  3 frilled lizards
  A goblin zombie (D:4)
  2 hobgoblin zombies (D:4)
  3 kobold zombies (D:4)
  2 orc skeletons (D:4)
  An orc zombie (D:4)
  7 rats
  4 river rat simulacra (D:10)
375 creatures vanquished.

Table legend:
 A = Non-vault XP
 B = Vault XP
 C = Vault XP percentage of total XP
 D = Non-vault monster count
 E = Vault monster count
 F = Vault count percentage of total count
                 A         B        C        D         E       F
            +---------+---------+-------+---------+---------+-------
      Total |   28546 |   17408 |  37.9 |     269 |     106 |  28.3
            +---------+---------+-------+---------+---------+-------
        D:1 |      18 |       8 |  30.8 |      11 |       5 |  31.2
        D:2 |     130 |     214 |  62.2 |      29 |       1 |   3.3
        D:3 |     224 |       0 |   0.0 |      21 |       0 |   0.0
        D:4 |     388 |     160 |  29.2 |      24 |      13 |  35.1
        D:5 |     416 |      18 |   4.1 |      22 |       4 |  15.4
        D:6 |    1164 |      61 |   5.0 |      27 |       2 |   6.9
        D:7 |     708 |       0 |   0.0 |      13 |       0 |   0.0
        D:8 |     441 |     499 |  53.1 |      10 |       1 |   9.1
        D:9 |    1668 |     864 |  34.1 |      22 |       4 |  15.4
       D:10 |     932 |    7593 |  89.1 |       8 |      38 |  82.6
     Lair:1 |    7092 |       0 |   0.0 |      28 |       0 |   0.0
     Lair:2 |    4144 |     572 |  12.1 |      16 |       3 |  15.8
     Lair:3 |    2065 |    3609 |  63.6 |       8 |      22 |  73.3
     Lair:4 |    9156 |       0 |   0.0 |      30 |       0 |   0.0
   Gauntlet |       0 |    3810 | 100.0 |       0 |      13 | 100.0
            +---------+---------+-------+---------+---------+-------

Skill      XL: |  1  2  3  4  5  6  7  8  9 10 11 12 13 |
---------------+----------------------------------------+-----
Fighting       | 4 5 6 7 9 10 | 10.0
Long Blades    | 1 3 6 8 9 |  9.3
Dodging        | 4 5 |  5.0
Shields        | 1 4 |  4.0
Invocations    | 3 4 |  4.0
Polearms       | 2 8 12 13 | 13.2
Armour         | |  1.0
Stealth        | |  1.0
Unarmed Combat | |  1.0
Spellcasting   | |  1.3

Action                     |  1- 3 |  4- 6 |  7- 9 | 10-12 | 13-15 || total
---------------------------+-------+-------+-------+-------+-------++-------
  Melee: Spear             |   113 |    83 |       |       |       ||   196
         Long sword        |       |    52 |   495 |   194 |       ||   741
         Demon trident     |       |       |       |   505 |   123 ||   628
  Throw: Dart              |     4 |    30 |     5 |    16 |       ||    55
 Invoke: Heroism           |       |       |       |     7 |     1 ||     8
         Receive Weapon    |       |       |       |     1 |       ||     1
         Receive Armour    |       |       |       |     1 |       ||     1
         Finesse           |       |       |       |     1 |     1 ||     2
  Evoke: Wand              |       |       |    22 |     4 |       ||    26
    Use: Scroll            |     3 |       |    11 |     5 |     1 ||    20
   Stab: Sleeping          |     2 |     3 |     4 |     1 |       ||    10
         Distracted        |       |     1 |     1 |     2 |       ||     4
 Armour: Leather armour    |    60 |    88 |   214 |       |       ||   362
         Ring mail         |       |       |   247 |   451 |   168 ||   866
  Dodge: Dodged            |    71 |    71 |   517 |   386 |    70 ||  1115
  Block: Buckler           |       |       |    91 |   225 |    39 ||   355

Illustrated notes

Table legend:
 A = Kills in this place as a percentage of kills in the entire game.
 B = Kills by you in this place as a percentage of kills by you in the entire game.
 C = Kills by friends in this place as a percentage of kills by friends in the entire game.
 D = Other kills in this place as a percentage of other kills in the entire game.
 E = Experience gained in this place as a percentage of experience gained in the entire game.
 F = Experience gained in this place divided by the number of levels of this place that you have seen.
                   A       B       C       D       E      F
               +-------+-------+-------+-------+-------+----------------------
         Total | 100.0 | 100.0 |   N/A |   N/A | 100.0 | 2872.1
       Dungeon |  68.0 |  68.0 |   N/A |   N/A |  33.7 | 1550.6
          Lair |  28.5 |  28.5 |   N/A |   N/A |  58.0 | 5327.6
      Gauntlet |   3.5 |   3.5 |   N/A |   N/A |   8.3 | 3810.0
               +-------+-------+-------+-------+-------+----------------------

Table legend: (Time is in decaauts)
 A = Elapsed time spent in this place.
 B = Non-inter-level travel time spent in this place.
 C = Inter-level travel time spent in this place.
 D = Time resting spent in this place.
 E = Time spent auto-exploring this place.
 F = Levels seen in this place.
 G = Mean time per level.
                   A        B        C        D        E       F      G
               +--------+--------+--------+--------+--------+-----+--------+
         Total |  16798 |  15741 |   1057 |   2085 |  10241 |  16 | 1049.9 |
       Dungeon |  12399 |  11457 |    942 |   1906 |   6980 |  10 | 1239.9 |
          Lair |   3846 |   3731 |    115 |     83 |   3007 |   5 |  769.2 |
      Gauntlet |    552 |    552 |      0 |     96 |    253 |   1 |  552.0 |
               +--------+--------+--------+--------+--------+-----+--------+

Top non-repeatable levels by time:
    D:10: 1863 daAuts
     D:9: 1472 daAuts
     D:4: 1444 daAuts
     D:2: 1392 daAuts
     D:6: 1373 daAuts
     D:5: 1189 daAuts
  Lair:4: 1135 daAuts
     D:8: 1011 daAuts
     D:3: 1008 daAuts
  Lair:3: 969 daAuts
  Lair:1: 918 daAuts
     D:1: 835 daAuts
  Lair:2: 820 daAuts
     D:7: 807 daAuts
Gauntlet: 552 daAuts
